 Dungeon Crawl Stone Soup version 0.29-a0-817-g9904bce7a6 (webtiles) character file.

Game seed: 12621029050725213471

259 nicolae the Changer (level 6, -10/38 HPs)
             Began as an Octopode Transmuter on July 5, 2022.
             Killed by nerve-wracking pain
             ... invoked by Menkaure
              (13 damage)
             ... on level 4 of the Dungeon.
             The game lasted 00:05:39 (4703 turns).

nicolae the Changer (Octopode Transmuter)           Turns: 4703, Time: 00:05:40

Health: -10/38     AC:  2    Str:  9    XL:     6   Next: 17%
Magic:  5/9        EV: 19    Int: 18    God:
Gold:   265        SH:  0    Dex: 17    Spells: 3/9 levels left

rFire   . . .      SeeInvis .     - Unarmed
rCold   + . .      Faith    .   (shield currently unavailable)
rNeg    . . .      Spirit   .   (helmet currently unavailable)
rPois   x          Reflect  .   (no amulet)
rElec   .          Harm     .   j - ring of protection from cold
rCorr   .          Rampage  .   (no ring)
Will    .....                   (no ring)
Stlth   ++........              (no ring)
HPRegen 0.12/turn               (no ring)
MPRegen 0.11/turn               (no ring)
                                (no ring)
                                (no ring)

@: spider-form, invisible
A: venomous fangs, almost no armour, (amphibious), 8 rings, tiny, (camouflage
1), (gelatinous body 1), (nimble swimmer 1), (tentacles)
a: End Transformation


You were on level 4 of the Dungeon.
You were a venomous arachnid creature.
You visited 1 branch of the dungeon, and saw 4 of its levels.

You collected 265 gold pieces.

Inventory:

Missiles
 b - 2 atropa-tipped darts
Jewellery
 d - a ring of ice
 j - a ring of protection from cold (left front leg)
 l - an amulet of guardian spirit
Wands
 i - a wand of acid (15)
Scrolls
 a - a scroll of torment {unknown}
 e - a scroll of immolation {unknown}
 k - 2 scrolls of teleportation
 m - 2 scrolls of identify
Potions
 g - a potion of resistance


   Skills:
 - Level 1.0 Fighting
 - Level 2.0 Dodging
 - Level 3.0 Unarmed Combat
 - Level 2.0 Spellcasting
 - Level 5.0 Transmutations
 + Level 4.3 Poison Magic


You had 3 spell levels left.
You knew the following spells:

 Your Spells              Type           Power      Damage    Failure   Level
a - Beastly Appendage     Tmut           38%        N/A       9%          1
b - Wereblood             Tmut           19%        N/A       12%         2
c - Spider Form           Tmut/Pois      18%        N/A       21%         3

Your spell library contained the following spells:

 Spells                   Type           Power      Damage    Failure   Level
 Magic Dart               Conj           4%         1d3       38%         1
 Blink                    Tloc           2%         N/A       47%         2
 Call Imp                 Summ           1%         N/A       47%         2
 Mephitic Cloud           Conj/Pois/Air  7%         N/A       52%         3
 Lesser Beckoning         Tloc           1%         N/A       69%         3
 Ice Form                 Ice/Tmut       10%        N/A       75%         4
 Manifold Assault         Tloc           1%         N/A       100%        5


Dungeon Overview and Level Annotations

Branches:
Dungeon (4/15)
 Temple: D:4-7

Altars:

Annotations:
D:4 Menkaure


Innate Abilities, Weirdness & Mutations

You are a venomous arachnid creature.
You have poisonous fangs.
You are tiny and dextrous.
Your spellcasting is less reliable in this form.
Your armour is entirely melded.
You are incapable of wielding weapons or throwing items.
You cannot wear most types of armour.
((You are amphibious.))
You can wear up to eight rings at the same time.
((Your skin changes colour to match your surroundings (Stealth+).))
((Your rubbery body absorbs attacks. (AC +1, EV +1)))
((You are camouflaged when in or above water. (Stealth+)))
((You have tentacles for arms and can constrict up to eight enemies at once.))


Message History

You turn into a venomous arachnid creature.
You hit the black bear.
The black bear is lightly wounded.
The black bear bites you! The black bear barely misses you.
The black bear claws you.
You hit the black bear.
The black bear is poisoned.
The black bear is moderately wounded.
The black bear bites you. The black bear barely misses you.
The black bear closely misses you.
Your magical contamination has completely faded away.
The black bear attacks as you move away!
The black bear closely misses you. The black bear misses you.
The black bear claws you.
The black bear attacks as you move away!
The black bear bites you.
* * * LOW HITPOINT WARNING * * *
The black bear claws you.
* * * LOW HITPOINT WARNING * * *
The black bear closely misses you.
The black bear attacks as you move away!
The black bear completely misses you.
The black bear claws you but does no damage.
The black bear claws you.
* * * LOW HITPOINT WARNING * * *
Menkaure, Prince of Dust comes into view.
Menkaure shouts!
You fade into invisibility!
The black bear bites you.
* * * LOW HITPOINT WARNING * * *
The black bear closely misses you. The black bear misses you.
There is an open door here.
Menkaure mumbles some strange words.
Menkaure seems to speed up.
The black bear looks more healthy.
Menkaure calls on the powers of darkness!
The black bear convulses!
Your body is wracked with pain!
* * * LOW HITPOINT WARNING * * *
Menkaure points at you and mumbles some strange words.
Pain shoots through your body!
You die...

############## #............#
#............#
#............#########
########....>.......'........
#................Mh.#....####
#.##........s.......#.##.#
#....#..............#.##.#
######.......########.##.# ##
#......##### #.##.# #.
#.#....#### #.##.# #.
#.#....##.### #....# #.
#.##..#.....# #..# #.
#.....###.#.# ##..####
#######.....#.#.########.......


You could see a black bear (unable to see you) and Menkaure (fast).

Vanquished Creatures
  A scorpion (D:4)
  A jelly (D:4)
  An orc priest (D:3)
  An iguana (D:3)
  4 adders
  An ufetubus (D:4)
  A worm (D:4)
  6 orcs (D:3)
  A bat (D:2)
  7 endoplasms
  4 giant cockroaches
  9 goblins
  8 hobgoblins
  3 quokkas
  A ball python (D:2)
  A frilled lizard (D:2)
  4 kobolds
  6 rats
60 creatures vanquished.

Vanquished Creatures (collateral kills)
  A ball python (D:4)
1 creature vanquished.

Grand Total: 61 creatures vanquished

Notes
Turn   | Place    | Note
-------+----------+-------------------------------------------
     0 | D:1      | nicolae the Octopode Transmuter began the quest for the
                  | Orb.
     0 | D:1      | Reached XP level 1. HP: 13/13 MP: 3/3
   157 | D:1      | Found a faded altar of an unknown god.
   508 | D:1      | Reached XP level 2. HP: 18/18 MP: 3/5
   529 | D:1      | Learned a level 2 spell: Wereblood
   725 | D:1      | Reached skill level 3 in Transmutations
  1312 | D:2      | Reached XP level 3. HP: 17/23 MP: 3/6
  1970 | D:2      | Learned a level 3 spell: Spider Form
  2280 | D:3      | Reached skill level 4 in Transmutations
  2280 | D:3      | Reached XP level 4. HP: 28/28 MP: 5/7
  2849 | D:3      | Reached skill level 5 in Transmutations
  2853 | D:3      | Reached skill level 1 in Poison Magic
  2853 | D:3      | Reached XP level 5. HP: 20/33 MP: 6/8
  3910 | D:4      | Reached XP level 6. HP: 12/38 MP: 9/9
  4672 | D:4      | Noticed a black bear
  4692 | D:4      | Noticed Menkaure
  4703 | D:4      | Killed from afar by Menkaure

Illustrated notes

Levels and vault maps discovered:
D:1:      dpeg_arrival_rooms_b, layout_basic,
          shapermc_ecumenical_altar_mp_ritualfount
D:2:      layout_loops_corners, kennysheep_generic_room_16
D:3:      layout_loops_ring, guppyfry_early_orc_mine
D:4:      layout_basic, kennysheep_potato, uniq_menkaure

Skill      XL: |  1  2  3  4  5 |
---------------+----------------+-----
Transmutations | 3 4 5 |  5.0
Poison Magic   | 1 4 |  4.3
Fighting       | |  1.0
Dodging        | |  2.0
Unarmed Combat | |  3.0
Spellcasting   | |  2.0

Action                   |  1- 3 |  4- 6 || total
-------------------------+-------+-------++-------
Melee: Unarmed           |    59 |    85 ||   144
       Tentacles         |    16 |    17 ||    33
       Constrict         |    13 |    19 ||    32
       Kick              |    10 |    26 ||    36
       Punch             |     1 |     2 ||     3
 Cast: Beastly Appendage |    13 |     9 ||    22
       Wereblood         |       |     3 ||     3
       Spider Form       |       |     1 ||     1
  Use: Scroll            |     5 |     3 ||     8
       Potion            |       |     5 ||     5
 Stab: Sleeping          |     8 |     2 ||    10
Armor: Skin              |     3 |     7 ||    10
Dodge: Dodged            |    27 |    64 ||    91

Table legend: (Time is in decaauts)
 A = Elapsed time spent in this place.
 B = Non-inter-level travel time spent in this place.
 C = Inter-level travel time spent in this place.
 D = Time resting spent in this place.
 E = Time spent auto-exploring this place.
 F = Levels seen in this place.
 G = Mean time per level.
                   A        B        C        D        E       F      G
               +--------+--------+--------+--------+--------+-----+--------+
         Total |   4693 |   4655 |     38 |   1177 |   2895 |   4 | 1173.2 |
       Dungeon |   4693 |   4655 |     38 |   1177 |   2895 |   4 | 1173.2 |
               +--------+--------+--------+--------+--------+-----+--------+

Top non-repeatable levels by time:
     D:4: 1431 daAuts
     D:1: 1254 daAuts
     D:3: 1053 daAuts
     D:2: 954 daAuts
